 Dungeon Crawl Stone Soup version 0.28-a0-906-g0406aca7d3 (webtiles) character file.

Game seed: 3831890076914083553

228 siradein the Bolt Thrower (level 5, -5/46 HPs)
             Began as a Draconian Hunter on Nov 24, 2021.
             Killed from afar by a white imp (10 damage)
             ... with a puff of frost
             ... on level 3 of the Dungeon.
             The game lasted 00:06:41 (3723 turns).

siradein the Bolt Thrower (Draconian Hunter)        Turns: 3723, Time: 00:06:41

Health: -5/46      AC:  5    Str: 16    XL:     5   Next: 70%
Magic:  5/5        EV: 12    Int: 11    God:
Gold:   145        SH:  0    Dex: 11    Spells: 4/4 levels left

rFire   . . .      SeeInvis .   g - +0 rapier
rCold   . . .      Faith    .   (no shield)
rNeg    . . .      Spirit   .   (armour unavailable)
rPois   .          Reflect  .   (helmet restricted)
rElec   .          Harm     .   (no cloak)
rCorr   .          Rampage  .   (no gloves)
Will    .....                   (no boots)
Stlth   ++........              (no amulet)
HPRegen 0.15/turn               n - ring of wizardry
MPRegen 0.09/turn               (no ring)

@: no status effects
A: AC +5, unfitting armour, cold-blooded
a: no special abilities


You were on level 3 of the Dungeon.
You visited 1 branch of the dungeon, and saw 3 of its levels.

You collected 145 gold pieces.

Inventory:

Hand Weapons
 a - a +1 hand crossbow
 g - a +0 rapier (weapon)
Missiles
 c - 20 bolts
Jewellery
 n - a ring of wizardry (left hand)
Scrolls
 d - 2 scrolls of magic mapping {unknown}
 e - a scroll of noise {unknown}
 f - a scroll of holy word {unknown}
 j - a scroll of identify {unknown}
 m - a scroll of enchant weapon {unknown}
Potions
 b - 2 potions of attraction {unknown}
 h - a potion of lignification {unknown}
 i - 2 potions of degeneration {unknown}
 k - a potion of flight {unknown}
 l - a potion of resistance {unknown}
 o - a potion of ambrosia {unknown}


   Skills:
 + Level 3.8 Fighting
 + Level 4.4 Crossbows
 + Level 3.1 Dodging
 + Level 2.8 Stealth


You had 4 spell levels left.
You didn't know any spells.
Your spell library contained the following spells:

 Spells                   Type           Power      Damage    Failure   Level
 Blade Hands              Tmut           0%         N/A       98%         5
 Irradiate                Conj/Tmut      0%         3d13      98%         5
 Dragon Form              Tmut           0%         N/A       100%        7


Dungeon Overview and Level Annotations

Branches:
Dungeon (3/15)

Altars:

Shops:
D:3 *

Annotations:
D:2 1 runed translucent door, Crazy Yiuf


Innate Abilities, Weirdness & Mutations

Your plain brown scales are hard. (AC +5)
You cannot fit into any form of body armour.
You are cold-blooded and may be slowed by cold attacks.


Message History

Items here: ! ) ? [ †.
You closely miss the gnoll. The gnoll hits you but does no damage.
You hit the gnoll.
The gnoll is lightly wounded.
The gnoll hits you with a +0 spear!
* * * LOW HITPOINT WARNING * * *
You barely miss the gnoll.
The gnoll is lightly wounded.
The gnoll closely misses you. x2
You puncture the gnoll!
The gnoll is severely wounded.
The gnoll hits you with a +0 spear.
* * * LOW HITPOINT WARNING * * *
You hit the gnoll but do no damage.
The gnoll is severely wounded.
The gnoll barely misses you.
You closely miss the gnoll.
The gnoll is severely wounded.
The gnoll hits you but does no damage.
You hit the gnoll but do no damage.
The gnoll is severely wounded.
The gnoll hits you with a +0 spear.
* * * LOW HITPOINT WARNING * * *
You hit the gnoll.
You kill the gnoll!
You puncture the white imp!
The white imp is severely wounded.
The white imp barely misses you.
You hit the white imp but do no damage.
The white imp is heavily wounded.
The white imp barely misses you.
You barely miss the white imp.
The white imp is heavily wounded.
The white imp closely misses you.
The white imp hits you but does no damage.
You hit the white imp but do no damage.
The white imp is heavily wounded.
The white imp gestures at you. The puff of frost hits you!
You die...

#.#..........#.########.####.
#............#.# #....##.
#######..(.......#.#######..#.##.
............................g....
#######.##.##.##.#.#####.#.......
#######.##.##.##.#.# #.##.#.##)
...................# #.##...##)
#######.#..##.##.### #.####.##g
...# #.#..##.##@# ... ..##g
...####.#..##.##5# #.# ####)
...'............g## #.# ..
...####.#..##.##..# ... ...#
#.#..##.##..## ###. ...#
#.#..##.##...# .. ...#
#.#..##.##.#.## .# #. ...#
#.#..##.##.#..# .# #. ...#
#.#..##.##.##.# .#


You could see a gnoll and a white imp.

Vanquished Creatures
  A hound (D:3)
  Robin (D:3)
  5 gnolls (D:3)
  6 adders
  2 worms
  5 dart slugs
  An orc (D:3)
  8 ball pythons
  4 bats
  6 endoplasms
  2 giant cockroaches
  11 goblins
  9 hobgoblins
  2 kobolds
  A quokka (D:2)
  4 frilled lizards
  2 rats
70 creatures vanquished.

Notes
Turn   | Place    | Note
-------+----------+-------------------------------------------
     0 | D:1      | siradein the Draconian Hunter began the quest for the Orb.
     0 | D:1      | Reached XP level 1. HP: 17/17 MP: 1/1
    93 | D:1      | Reached skill level 1 in Stealth
   222 | D:1      | Found a faded altar of an unknown god.
   303 | D:1      | Reached XP level 2. HP: 23/25 MP: 2/2
   947 | D:1      | Reached XP level 3. HP: 29/30 MP: 3/3
  1711 | D:2      | Reached skill level 4 in Crossbows
  1747 | D:2      | Reached XP level 4. HP: 38/38 MP: 4/4
  2186 | D:2      | Found a runed translucent door.
  2187 | D:2      | Noticed Crazy Yiuf
  2291 | D:3      | Found Nieher's General Store.
  2635 | D:3      | Reached XP level 5. HP: 28/45 MP: 5/5
  2892 | D:3      | Noticed Robin
  3261 | D:3      | Killed Robin
  3723 | D:3      | Killed from afar by a white imp

Illustrated notes

Levels and vault maps discovered:
D:1:      dpeg_arrival_concentric_ovals, layout_basic,
          shapermc_ecumenical_altar_ellora
D:2:      wad_river_or_something, layout_loops_cross, uniq_crazy_yiuf_cottage
D:3:      layout_basic, bloody_makhleb, serial_shops, shop,
          nicolae_concentric_dashed_squares_mild, ebering_dispersal_statue_hall,
          minivault_27, minivault_23, uniq_robin

Skill      XL: |  1  2  3  4  5 |
---------------+----------------+-----
Stealth        | 1 2 |  2.8
Dodging        | 2 3 |  3.1
Fighting       | 3 |  3.8
Crossbows      | 4 |  4.4

Action                   |  1- 3 |  4- 6 || total
-------------------------+-------+-------++-------
Melee: Short sword       |    47 |       ||    47
       Tailslap          |    12 |    19 ||    31
       Rapier            |    59 |   162 ||   221
 Stab: Sleeping          |     2 |     3 ||     5
Armor: Skin              |    37 |    60 ||    97
Dodge: Dodged            |    64 |   134 ||   198

Table legend: (Time is in decaauts)
 A = Elapsed time spent in this place.
 B = Non-inter-level travel time spent in this place.
 C = Inter-level travel time spent in this place.
 D = Time resting spent in this place.
 E = Time spent auto-exploring this place.
 F = Levels seen in this place.
 G = Mean time per level.
                   A        B        C        D        E       F      G
               +--------+--------+--------+--------+--------+-----+--------+
         Total |   3784 |   3756 |     28 |    269 |   2846 |   3 | 1261.3 |
       Dungeon |   3784 |   3756 |     28 |    269 |   2846 |   3 | 1261.3 |
               +--------+--------+--------+--------+--------+-----+--------+

Top non-repeatable levels by time:
     D:2: 1406 daAuts
     D:3: 1250 daAuts
     D:1: 1126 daAuts
